 Dungeon Crawl Stone Soup version 0.16-a0-1167-g3157814 (webtiles) character file.

431 M4edhros the Charlatan (level 6, -2/41 HPs)
             Began as an Octopode Artificer on Oct 9, 2014.
             Shot with an arrow by a centaur (19 damage)
             ... on level 5 of the Dungeon.
             The game lasted 00:07:43 (2829 turns).

M4edhros the Charlatan (Octopode Artificer)         Turns: 2829, Time: 00:07:43

Health: -2/41      AC:  1    Str: 11    XL:     6   Next: 99%
Magic:  11/11      EV: 13    Int: 15    God:
Gold:   156        SH:  0    Dex: 13    Spells: 0 memorised, 5 levels left

rFire  . . .     SeeInvis .     a - +0 short sword
rCold  . . .     Clarity  .     (no shield)
rNeg   . . .     SustAb   +     (helmet restricted)
rPois  .         Gourm    .     i - amulet of faith
rElec  .         Spirit   .     g - ring of sustain abilities
rCorr  .         Warding  .     (no ring)
rMut   .         Stasis   .     (no ring)
MR     .....                    (no ring)
Stlth  ++++......               (no ring)
                                (no ring)
                                (no ring)
                                (no ring)

@: not resistant to hostile enchantments, stealthy
A: almost no armour, amphibious, 8 rings, constrict 8, camouflage 1, gelatinous
body 1
a: no special abilities


You were on level 5 of the Dungeon.
You were not hungry.

You visited 1 branch of the dungeon, and saw 5 of its levels.
You also visited: Sewer.

You collected 156 gold pieces.

Inventory:

Hand weapons
 a - a +0 short sword (weapon)
Magical devices
 b - a wand of flame (10)
 c - a wand of enslavement (14)
 d - a wand of random effects (13)
 n - a wand of flame (33)
 w - a wand of lightning (3)
Comestibles
 f - 5 bread rations
 m - a royal jelly
 t - a slice of pizza
 u - a meat ration
 v - 2 beef jerkies
Scrolls
 h - 2 scrolls of recharging {unknown}
 j - 5 scrolls of identify {unknown}
 k - a scroll of remove curse {unknown}
 o - 2 scrolls of enchant weapon {unknown}
 p - a scroll of magic mapping {unknown}
 r - 2 scrolls of random uselessness {unknown}
 s - a scroll of teleportation {unknown}
 x - a scroll of blinking {unknown}
 y - a scroll of amnesia {unknown}
Jewellery
 e - an uncursed amulet of resist corrosion
 g - a ring of sustain abilities (left tentacle)
 i - an amulet of faith (around mantle)
Potions
 l - a potion of cancellation {unknown}
 q - 2 potions of curing {unknown}
 z - a potion of brilliance {unknown}


   Skills:
 + Level 2.8 Fighting
 - Level 1.9 Short Blades
 + Level 4.0 Dodging
 + Level 4.8 Stealth
 + Level 5.5 Evocations


You had 5 spell levels left.
You didn't know any spells.

Dungeon Overview and Level Annotations

Branches:
Dungeon (5/15)
 Temple: D:4-7

Altars:
Dithmenos
Vehumet


Innate Abilities, Weirdness & Mutations

You cannot wear most types of armour.
You are amphibious.
You can wear up to eight rings at the same time.
You can use your tentacles to constrict many enemies at once.
Your skin changes colour to match your surroundings (Stealth).
Your rubbery body absorbs attacks (AC +1).


Message History

An orc priest comes into view. It is wielding a mace.
The orc wizard shouts!
You hear a shout!
The centaur shouts!
The orc priest shouts!
The orc wizard casts a spell at you.
The puff of flame hits you! 2 orcs come into view.
Evoke which item? (* to show all) (? for menu, Esc to quit)
Zapping:
c - a wand of enslavement (15)
Press: ? - help, Shift-Dir - straight line, f - orc wizard
Aim: an orc wizard, wielding a runed dagger and wearing a robe The orc wizard is charmed.
This wand has 14 charges left.
The orc priest calls down the wrath of Beogh upon you.
Something smites you!
The orc hits your orc wizard with a club.
The centaur wields a glowing shortbow.
It bursts into flame!
The centaur shoots an arrow.
The arrow hits your orc wizard!! The arrow burns your orc wizard.
Your orc wizard is killed!
The centaur shoots an arrow.
The arrow hits you!!
You die... #........ ##......... ......... .....o. ..coo

..o #(# #.# #@#
#.# #.# #.####
..##....#####
#..........<#
..............#
####..........#
#..........#


You could see a centaur, an orc priest and 2 orcs.

Vanquished Creatures
  An ogre (D:4)
  A giant frog (Sewer)
  A jelly (D:5)
  An iguana (D:4)
  An orc wizard (D:5)
  4 adders (Sewer)
  A green rat (D:4)
  9 giant mites
  A worm (D:3)
  12 giant geckos
  9 oozes (Sewer)
  2 orcs (D:4)
  8 ball pythons (Sewer)
  10 goblins
  6 hobgoblins
  6 jackals
  A quokka (D:2)
  12 giant cockroaches
  11 giant newts (Sewer)
  3 kobolds
  A kobold skeleton (D:4)
  6 rats
107 creatures vanquished.

Notes
Turn   | Place    | Note
--------------------------------------------------------------
     0 | D:1      | M4edhros, the Octopode Artificer, began the quest for the Orb.
     0 | D:1      | Reached XP level 1. HP: 13/13 MP: 1/1
   146 | D:1      | Reached XP level 2. HP: 16/18 MP: 3/3
   208 | D:1      | Reached skill level 4 in Evocations
   582 | D:2      | Reached XP level 3. HP: 20/23 MP: 5/5
   601 | D:2      | Found a radiant altar of Vehumet.
   791 | D:2      | Found a shadowy altar of Dithmenos.
  1352 | D:4      | Reached XP level 4. HP: 28/28 MP: 7/7
  1359 | D:4      | Noticed an ogre
  1380 | D:4      | Killed an ogre
  1380 | D:4      | Reached XP level 5. HP: 19/34 MP: 9/9
  1670 | D:4      | Found a glowing drain.
  1674 | Sewer    | Entered a sewer
  1696 | Sewer    | Reached skill level 5 in Evocations
  1897 | Sewer    | Reached XP level 6. HP: 36/39 MP: 11/11
  2763 | D:5      | Entered Level 5 of the Dungeon
  2829 | D:5      | Shot with an arrow by a centaur

Action                   |  1- 3 |  4- 6 || total
-------------------------+-------+-------++-------
Melee: Short sword       |    70 |   167 ||   237
Evoke: Wand              |       |    11 ||    11
  Use: Potion            |     1 |     1 ||     2
 Stab: Sleeping          |     4 |    18 ||    22
  Eat: Chunk             |     1 |     5 ||     6
